| TOP OF THE 1ST |
|
Greenville Drive batting - Pitching for Quad Cities River Bandits : RHP Omar Pineda
|
|
Pitching: RHP Omar Pineda
|
|
|
Batting: RHB Jim Hubbard
|
0-0: Ball 1-0: Foul Ball, location: 2F 1-1: Foul Ball, location: 2F 1-2: DOUBLE (Line Drive, 89D, EV 103.1 MPH)
|
|
Batting: RHB Tony Nunez
|
0-0: Called Strike 0-1: Ball 1-1: Foul Ball, location: 2F 1-2: Foul Ball, location: 2F 1-2: Ball 2-2: DOUBLE (Line Drive, 89D, EV 106.9 MPH) Jim Hubbard scores
|
|
Batting: RHB Alex Cardenas
|
0-0: Foul Ball, location: 2F 0-1: Foul Ball, location: 2F 0-2: Strikes out looking
|
|
Batting: LHB Danny Montoya
|
0-0: Ball 1-0: Ball 2-0: Swinging Strike 2-1: Foul Ball, location: 2F 2-2: Ground out 4-3 (Groundball, 4M, EV 88.8 MPH) Tony Nunez to third
|
|
Batting: SHB Robert Soto
|
0-0: Called Strike 0-1: Ball 1-1: Called Strike 1-2: Strikes out swinging
|
| Top of the 1st over - 1 run, 2 hits, 0 errors, 1 left on base; Greenville 1 - Quad Cities 0 |
| BOTTOM OF THE 1ST |
|
Quad Cities River Bandits batting - Pitching for Greenville Drive : LHP Rob Hymowitz
|
|
Pitching: LHP Rob Hymowitz
|
|
|
Batting: RHB Ben Sutton
|
0-0: Ball 1-0: Foul Ball, location: 2F 1-1: Ball 2-1: Ball 3-1: Foul Ball, location: 2F 3-2: Fly out, F9 (Flyball, 89D, EV 87.5 MPH)
|
|
Batting: RHB Tim Persson
|
0-0: Ball 1-0: Called Strike 1-1: Foul Ball, location: 2F 1-2: Ground out U3 (Groundball, 34, EV 86.9 MPH)
|
|
Batting: RHB Andrew Pride
|
0-0: Swinging Strike 0-1: Ball 1-1: Ball 2-1: Called Strike 2-2: Foul Ball, location: 2F 2-2: Foul Ball, location: 2F 2-2: Foul Ball, location: 2F 2-2: Hit by Pitch
|
|
Batting: RHB Erik Smith
|
0-0: Called Strike 0-1: Ball 1-1: Called Strike 1-2: Ball 2-2: Ball 3-2: Foul Ball, location: 2F 3-2: Ground out 6-3 (Groundball, 56, EV 81.2 MPH)
|
| Bottom of the 1st over - 0 runs, 0 hits, 0 errors, 1 left on base; Greenville 1 - Quad Cities 0 |
| TOP OF THE 2ND |
|
Greenville Drive batting - Pitching for Quad Cities River Bandits : RHP Omar Pineda
|
|
Batting: RHB Adugna Chandu
|
0-0: Foul Ball, location: 2F 0-1: Ground out 6-3 (Groundball, 6, EV 103.8 MPH)
|
|
Batting: LHB John Buff
|
0-0: Ball 1-0: Foul Ball, location: 2F 1-1: Swinging Strike 1-2: Ball 2-2: Foul Ball, location: 2F 2-2: Fly out, F8 (Flyball, 8LD, EV 93.1 MPH)
|
|
Batting: RHB Ted Emmerich
|
0-0: Called Strike 0-1: Called Strike 0-2: Ball 1-2: Foul Ball, location: 2F 1-2: Foul Ball, location: 2F 1-2: Foul Ball, location: 2F 1-2: Strikes out swinging
|
| Top of the 2nd over - 0 runs, 0 hits, 0 errors, 0 left on base; Greenville 1 - Quad Cities 0 |
| BOTTOM OF THE 2ND |
|
Quad Cities River Bandits batting - Pitching for Greenville Drive : LHP Rob Hymowitz
|
|
Batting: LHB Bruce Arvizu
|
0-0: Ball 1-0: Swinging Strike 1-1: Ground out U3 (Groundball, 3L, EV 81.2 MPH)
|
|
Batting: RHB Sean Mounts
|
0-0: Ball 1-0: Foul Ball, location: 2F 1-1: Called Strike 1-2: Ball 2-2: Foul Ball, location: 2F 2-2: Ball 3-2: Base on Balls
|
|
Batting: LHB Bob Govella
|
0-0: Called Strike 0-1: Ball 1-1: Called Strike 1-2: Strikes out swinging
|
|
Batting: RHB Reginald McDougall
|
0-0: Ball 1-0: Foul Ball, location: 2F 1-1: Called Strike 1-2: Strikes out swinging
|
| Bottom of the 2nd over - 0 runs, 0 hits, 0 errors, 1 left on base; Greenville 1 - Quad Cities 0 |
| TOP OF THE 3RD |
|
Greenville Drive batting - Pitching for Quad Cities River Bandits : RHP Omar Pineda
|
|
Batting: RHB Roger Mitchell
|
0-0: Ball 1-0: Ground out 4-3 (Groundball, 4S, EV 89.4 MPH)
|
|
Batting: RHB Jim Hubbard
|
0-0: Called Strike 0-1: Ball 1-1: Foul Ball, location: 2F 1-2: Ball 2-2: SINGLE (Line Drive, 9S, EV 106.9 MPH)
|
|
Batting: RHB Tony Nunez
|
0-0: Ball Jim Hubbard steals 2nd base (no throw) 1-0: Called Strike 1-1: Ground out 3-1 (Groundball, 13, EV 90.0 MPH) Jim Hubbard to third
|
|
Batting: RHB Alex Cardenas
|
0-0: Ball 1-0: Ball 2-0: Foul Ball, location: 2F 2-1: Ground out 6-3 (Groundball, 6S, EV 81.9 MPH)
|
| Top of the 3rd over - 0 runs, 1 hit, 0 errors, 1 left on base; Greenville 1 - Quad Cities 0 |
| BOTTOM OF THE 3RD |
|
Quad Cities River Bandits batting - Pitching for Greenville Drive : LHP Rob Hymowitz
|
|
Batting: RHB Tristan Lewis
|
0-0: Ball 1-0: Fly out, F7 (Flyball, 78S, EV 94.4 MPH)
|
|
Batting: RHB Ben Sutton
|
0-0: Called Strike 0-1: Swinging Strike 0-2: SINGLE (Flyball, 3D, EV 93.8 MPH)
|
|
Batting: RHB Tim Persson
|
0-0: Ball 1-0: Ball 2-0: Called Strike Ben Sutton steals 2nd base (no throw) 2-1: Ball 3-1: Foul Ball, location: 2F 3-2: Base on Balls
|
|
Batting: RHB Andrew Pride
|
0-0: Called Strike 0-1: Swinging Strike 0-2: Strikes out swinging
|
|
Batting: RHB Erik Smith
|
0-0: Swinging Strike 0-1: Ball 1-1: Ball 2-1: Fielders Choice at 2nd, 5-4 (Groundball, 5, EV 103.1 MPH)
|
| Bottom of the 3rd over - 0 runs, 1 hit, 0 errors, 2 left on base; Greenville 1 - Quad Cities 0 |
| TOP OF THE 4TH |
|
Greenville Drive batting - Pitching for Quad Cities River Bandits : RHP Omar Pineda
|
|
Batting: LHB Danny Montoya
|
0-0: Ball 1-0: Ground out 4-3 (Groundball, 4, EV 83.1 MPH)
|
|
Batting: SHB Robert Soto
|
0-0: Called Strike 0-1: Swinging Strike 0-2: Fly out, F4 (Line Drive, 4, EV 69.4 MPH)
|
|
Batting: RHB Adugna Chandu
|
0-0: Swinging Strike 0-1: Ball 1-1: Ground out 6-3 (Groundball, 6S, EV 81.2 MPH)
|
| Top of the 4th over - 0 runs, 0 hits, 0 errors, 0 left on base; Greenville 1 - Quad Cities 0 |
| BOTTOM OF THE 4TH |
|
Quad Cities River Bandits batting - Pitching for Greenville Drive : LHP Rob Hymowitz
|
|
Batting: LHB Bruce Arvizu
|
0-0: Ball 1-0: Foul Ball, location: 2F 1-1: Ball 2-1: Foul Ball, location: 2F 2-2: Strikes out looking
|
|
Batting: RHB Sean Mounts
|
0-0: Hit by Pitch
|
|
Batting: LHB Bob Govella
|
0-0: Called Strike 0-1: Ball 1-1: Fly out, F5 (Popup, 56S, EV 78.8 MPH)
|
|
Batting: RHB Reginald McDougall
|
0-0: Foul Ball, location: 2F 0-1: Ground out 4-3 (Groundball, 4, EV 87.5 MPH)
|
| Bottom of the 4th over - 0 runs, 0 hits, 0 errors, 1 left on base; Greenville 1 - Quad Cities 0 |
| TOP OF THE 5TH |
|
Greenville Drive batting - Pitching for Quad Cities River Bandits : RHP Omar Pineda
|
|
Batting: LHB John Buff
|
0-0: Fly out, F9 (Flyball, 89M, EV 82.5 MPH)
|
|
Batting: RHB Ted Emmerich
|
0-0: Ball 1-0: Ball 2-0: Foul Ball, location: 2F 2-1: Fly out, F7 (Flyball, 78M, EV 91.9 MPH)
|
|
Batting: RHB Roger Mitchell
|
0-0: Foul Ball, location: 2F 0-1: Ball 1-1: Ball 2-1: Foul Ball, location: 2F 2-2: Strikes out swinging
|
| Top of the 5th over - 0 runs, 0 hits, 0 errors, 0 left on base; Greenville 1 - Quad Cities 0 |
| BOTTOM OF THE 5TH |
|
Quad Cities River Bandits batting - Pitching for Greenville Drive : LHP Rob Hymowitz
|
|
Batting: RHB Tristan Lewis
|
0-0: Called Strike 0-1: Swinging Strike 0-2: Ball 1-2: Foul Ball, location: 2F 1-2: Foul Ball, location: 2F 1-2: Foul Ball, location: 2F 1-2: Ball 2-2: Foul Ball, location: 2F 2-2: Foul Ball, location: 2F 2-2: Ball 3-2: Base on Balls
|
|
Batting: RHB Ben Sutton
|
0-0: Ball 1-0: SINGLE (Groundball, 6MD, EV 107.5 MPH) (infield hit) Tristan Lewis to second
|
|
Batting: RHB Tim Persson
|
0-0: SINGLE (Groundball, 25, EV 70.0 MPH) (infield hit) Tristan Lewis to third Ben Sutton to second
|
|
Batting: RHB Andrew Pride
|
0-0: Foul Ball, location: 2F 0-1: Ball 1-1: Fielders Choice at 2nd, 6-4 (Groundball, 6, EV 81.9 MPH) Tristan Lewis scores Ben Sutton to third
|
|
Batting: RHB Erik Smith
|
0-0: Ball 1-0: Called Strike 1-1: Foul Ball, location: 2F 1-2: Strikes out swinging
|
|
Pitching: RHP Alan Phillips
|
|
|
Batting: LHB Bruce Arvizu
|
0-0: Called Strike 0-1: Ball 1-1: Foul Ball, location: 2F 1-2: SINGLE (Line Drive, 8RS, EV 105.6 MPH) Ben Sutton scores Andrew Pride to second
|
|
Batting: RHB Sean Mounts
|
0-0: Fielders Choice at 2nd, U4 (Groundball, 4M, EV 78.8 MPH)
|
| Bottom of the 5th over - 2 runs, 3 hits, 0 errors, 2 left on base; Greenville 1 - Quad Cities 2 |
| TOP OF THE 6TH |
|
Greenville Drive batting - Pitching for Quad Cities River Bandits : RHP Omar Pineda
|
|
Batting: RHB Jim Hubbard
|
0-0: Ball 1-0: Ball 2-0: Foul Ball, location: 2F 2-1: SOLO HOME RUN (Line Drive, 7D, EV 104.4 MPH), Distance : 408 ft
|
|
Batting: RHB Tony Nunez
|
0-0: Ball 1-0: Foul Ball, location: 2F 1-1: Ball 2-1: Bunt for hit to 23 - play at first, batter OUT! 3-4
|
|
Batting: RHB Alex Cardenas
|
0-0: Ball 1-0: Ball 2-0: Called Strike 2-1: Fly out, F8 (Flyball, 8RD, EV 98.1 MPH)
|
|
Batting: LHB Danny Montoya
|
0-0: Called Strike 0-1: Ball 1-1: Ball 2-1: Swinging Strike 2-2: DOUBLE (Line Drive, 9LM, EV 103.1 MPH)
|
|
Pitching: RHP Gabe Torres
|
|
|
Batting: SHB Robert Soto
|
0-0: Called Strike 0-1: Swinging Strike 0-2: Ball 1-2: Foul Ball, location: 2F 1-2: Foul Ball, location: 2F 1-2: Strikes out swinging
|
| Top of the 6th over - 1 run, 2 hits, 0 errors, 1 left on base; Greenville 2 - Quad Cities 2 |
| BOTTOM OF THE 6TH |
|
Quad Cities River Bandits batting - Pitching for Greenville Drive : RHP Alan Phillips
|
|
Batting: LHB Bob Govella
|
0-0: Called Strike 0-1: Foul Ball, location: 2F 0-2: Foul Ball, location: 2F 0-2: Ball 1-2: DOUBLE (Line Drive, 89XD, EV 110.0 MPH)
|
|
Batting: RHB Reginald McDougall
|
0-0: Called Strike 0-1: Hit by Pitch
|
|
Batting: RHB Tristan Lewis
|
0-0: Called Strike 0-1: Ball 1-1: Swinging Strike 1-2: Foul Ball, location: 2F 1-2: Ball 2-2: Grounds into double play, 6-4-3 (Groundball, 6, EV 83.8 MPH) Bob Govella to third
|
|
Batting: RHB Ben Sutton
|
0-0: Foul Ball, location: 2F 0-1: Ball 1-1: Ball 2-1: Foul Ball, location: 2F 2-2: Ground out 5-3 (Groundball, 5, EV 82.5 MPH)
|
| Bottom of the 6th over - 0 runs, 1 hit, 0 errors, 1 left on base; Greenville 2 - Quad Cities 2 |
| TOP OF THE 7TH |
|
Greenville Drive batting - Pitching for Quad Cities River Bandits : RHP Gabe Torres
|
|
Batting: RHB Adugna Chandu
|
0-0: Called Strike 0-1: Ball 1-1: Ball 2-1: Ball 3-1: Called Strike 3-2: Base on Balls
|
|
Batting: LHB John Buff
|
0-0: Bunt missed! 0-1: Sac Bunt to 2L - play at first, batter OUT! 2-3 Adugna Chandu to second
|
|
Pinch Hitting: LHB Eddie Contreras
|
0-0: Foul Ball, location: 2F 0-1: Ball 1-1: SINGLE (Line Drive, 78S, EV 103.8 MPH) Adugna Chandu to third
|
|
Pinch Hitting: LHB Kevin Rolison
|
0-0: Ball 1-0: Ball 2-0: Ball 3-0: Base on Balls Eddie Contreras to second
|
|
Pitching: RHP Carlos Zavala
|
|
|
Batting: RHB Jim Hubbard
|
0-0: Ball 1-0: Fly out, F9 (Flyball, 9, EV 76.2 MPH) Runner from 3rd tags up, OUT at HOME! 9-2
|
| Top of the 7th over - 0 runs, 1 hit, 0 errors, 2 left on base; Greenville 2 - Quad Cities 2 |
| BOTTOM OF THE 7TH |
|
Quad Cities River Bandits batting - Pitching for Greenville Drive : RHP Alan Phillips
|
|
Pitching: RHP Jon Olivo
|
|
|
Now at 1B: Eddie Contreras
|
|
|
Now at 2B: Tony Nunez
|
|
|
Now in LF: Kevin Rolison
|
|
|
Now in RF: Jim Hubbard
|
|
|
Pinch Hitting: LHB Daigo Ishii
|
0-0: Ground out 4-3 (Groundball, 4, EV 103.1 MPH)
|
|
Batting: RHB Andrew Pride
|
0-0: Ball 1-0: Foul Ball, location: 2F 1-1: Foul Ball, location: 2F 1-2: SINGLE (Groundball, 6MS, EV 85.6 MPH) (infield hit)
|
|
Batting: RHB Erik Smith
|
0-0: Called Strike 0-1: Grounds into double play, 6-4-3 (Groundball, 6, EV 104.4 MPH)
|
| Bottom of the 7th over - 0 runs, 1 hit, 0 errors, 0 left on base; Greenville 2 - Quad Cities 2 |
| TOP OF THE 8TH |
|
Greenville Drive batting - Pitching for Quad Cities River Bandits : RHP Carlos Zavala
|
|
Now at 2B: Tristan Lewis
|
|
|
Now at SS: Fernando Gomez
|
|
|
Batting: RHB Tony Nunez
|
0-0: Ball 1-0: Foul Ball, location: 2F 1-1: Called Strike 1-2: Ball 2-2: Ball 3-2: Foul Ball, location: 2F 3-2: Base on Balls
|
|
Batting: RHB Alex Cardenas
|
0-0: Fly out, F7 (Flyball, 7S, EV 81.2 MPH)
|
|
Batting: LHB Danny Montoya
|
0-0: DOUBLE (Flyball, 8LXD, EV 108.1 MPH) Tony Nunez to third Runner from 3rd tries for Home, SAFE, throw by CF to home
|
|
Batting: SHB Robert Soto
|
0-0: Intentional Walk
|
|
Batting: RHB Adugna Chandu
|
0-0: Ball 1-0: DOUBLE (Line Drive, 9LD, EV 110.0 MPH) Danny Montoya scores Robert Soto to third Runner from 3rd tries for Home, SAFE, throw by RF to home
|
|
Pitching: LHP Glenn Lowther
|
|
|
Batting: LHB John Buff
|
0-0: Ground out 5-3 (Groundball, 56, EV 110.0 MPH)
|
|
Batting: LHB Eddie Contreras
|
0-0: Ball Wild Pitch! Adugna Chandu to third 1-0: SINGLE (Groundball, 5D, EV 96.2 MPH) Adugna Chandu scores
|
|
Batting: LHB Kevin Rolison
|
0-0: Foul Ball, location: 2F 0-1: Ball 1-1: Ball 2-1: SINGLE (Groundball, 56S, EV 65.6 MPH) (infield hit) Eddie Contreras to second
|
|
Batting: RHB Jim Hubbard
|
0-0: SINGLE (Flyball, 8RS, EV 98.8 MPH) Eddie Contreras to third Kevin Rolison to second Runner from 3rd tries for Home, SAFE, throw by CF to home
|
|
Batting: RHB Tony Nunez
|
0-0: Called Strike 0-1: Foul Ball, location: 2F 0-2: Ground out 6-3 (Groundball, P, EV 82.5 MPH)
|
| Top of the 8th over - 5 runs, 5 hits, 0 errors, 2 left on base; Greenville 7 - Quad Cities 2 |
| BOTTOM OF THE 8TH |
|
Quad Cities River Bandits batting - Pitching for Greenville Drive : RHP Jon Olivo
|
|
Batting: LHB Bruce Arvizu
|
0-0: Ball 1-0: Called Strike 1-1: Ball 2-1: Called Strike 2-2: Fly out, F8 (Flyball, 8LM, EV 81.9 MPH)
|
|
Batting: RHB Sean Mounts
|
0-0: Foul Ball, location: 2F 0-1: Swinging Strike 0-2: Fly out, F8 (Flyball, 8RD, EV 78.8 MPH)
|
|
Batting: LHB Bob Govella
|
0-0: Ball 1-0: Called Strike 1-1: Ball 2-1: Foul Ball, location: 2F 2-2: Ball 3-2: Strikes out swinging
|
| Bottom of the 8th over - 0 runs, 0 hits, 0 errors, 0 left on base; Greenville 7 - Quad Cities 2 |
| TOP OF THE 9TH |
|
Greenville Drive batting - Pitching for Quad Cities River Bandits : LHP Glenn Lowther
|
|
Batting: RHB Alex Cardenas
|
0-0: SINGLE (Groundball, 6MD, EV 104.4 MPH)
|
|
Batting: LHB Danny Montoya
|
0-0: Called Strike 0-1: Foul Ball, location: 2F 0-2: Foul Ball, location: 2F 0-2: Fly out, F9 (Flyball, 9D, EV 95.0 MPH)
|
|
Batting: SHB Robert Soto
|
0-0: Ball 1-0: Fielders Choice at 2nd, 1-6 (Groundball, 23, EV 67.5 MPH)
|
|
Batting: RHB Adugna Chandu
|
0-0: Ball 1-0: Ball 2-0: Called Strike 2-1: Ball 3-1: Base on Balls Robert Soto to second
|
|
Batting: LHB John Buff
|
0-0: Called Strike 0-1: Ball 1-1: Ball 2-1: Called Strike 2-2: Ball 3-2: Foul Ball, location: 2F 3-2: 3-RUN HOME RUN (Flyball, 9D, EV 98.8 MPH), Distance : 355 ft
|
|
Batting: LHB Eddie Contreras
|
0-0: Swinging Strike 0-1: Foul Ball, location: 2F 0-2: Foul Ball, location: 2F 0-2: Foul Ball, location: 2F 0-2: Strikes out swinging
|
| Top of the 9th over - 3 runs, 2 hits, 0 errors, 0 left on base; Greenville 10 - Quad Cities 2 |
| BOTTOM OF THE 9TH |
|
Quad Cities River Bandits batting - Pitching for Greenville Drive : RHP Jon Olivo
|
|
Batting: RHB Reginald McDougall
|
0-0: Ball 1-0: Foul Ball, location: 2F 1-1: Ball 2-1: Foul Ball, location: 2F 2-2: Fly out, F8 (Line Drive, 8LD, EV 92.5 MPH)
|
|
Batting: RHB Tristan Lewis
|
0-0: Ball 1-0: Called Strike 1-1: SINGLE (Flyball, 78S, EV 90.0 MPH)
|
|
Batting: RHB Ben Sutton
|
0-0: Fielders Choice at 2nd, 3-6 (Groundball, 13, EV 83.1 MPH)
|
|
Batting: LHB Fernando Gomez
|
0-0: Ball 1-0: Fielders Choice at 2nd, 6-4 (Groundball, 6, EV 97.5 MPH)
|
| Bottom of the 9th over - 0 runs, 1 hit, 0 errors, 1 left on base; Greenville 10 - Quad Cities 2 |
|